 Dungeon Crawl Stone Soup version 0.13-a0-2600-g811f1de (webtiles) character file.

172 BorisCarlOrff the Ruffian (level 4, -2/27 HPs)
             Began as a Gargoyle Monk on Aug 3, 2013.
             Killed from afar by an orc wizard (5 damage)
             ... with a puff of flame
             ... on Level 2 of the Dungeon.
             The game lasted 00:06:57 (1208 turns).

BorisCarlOrff the Ruffian (Gargoyle Monk)           Turns: 1208, Time: 00:06:57

HP  -2/27        AC  5     Str 16      XL: 4   Next: 18%
MP   3/3         EV 12     Int 10      God:
Gold 105         SH  0     Dex 12      Spells:  0 memorised,  3 levels left

Res.Fire  : . . .   See Invis. : .     - Unarmed
Res.Cold  : . . .   Warding    : .   a - +0 robe
Life Prot.: + . .   Conserve   : .   (no shield)
Res.Poison: +       Res.Corr.  : .   (no helmet)
Res.Elec. : +       Clarity    : .   (no cloak)
Sust.Abil.: . .     Spirit.Shd : .   (no gloves)
Res.Mut.  : .       Stasis     : .   (no boots)
Res.Rott. : +       Flight     : .   (no amulet)
Saprovore : . . .                    (no ring)
                                     (no ring)

@: slightly resistant to hostile enchantments, fairly stealthy
A: fangs 1, talons 2, life protection 1, electricity resistance, slow metabolism
1, unbreathing, petrification resistance, AC +3
a: no special abilities


You were on level 2 of the Dungeon.
You were not hungry.

You visited 1 branch of the dungeon, and saw 3 of its levels.

You collected 105 gold pieces.

Inventory:

Armour
 a - a +0 robe (worn)
Comestibles
 b - 3 bread rations
 n - a meat ration
Scrolls
 d - 3 scrolls of teleportation {unknown}
 e - a scroll of noise {unknown}
 f - a scroll of amnesia {unknown}
 h - a scroll of magic mapping {unknown}
 i - 2 scrolls of identify {unknown}
 j - 2 scrolls of fear {unknown}
 o - a scroll of enchant weapon I {unknown}
Potions
 c - a potion of heal wounds {unknown}
 g - a potion of brilliance {unknown}
 k - 2 potions of curing {unknown}
 l - a potion of restore abilities {unknown}
 m - a potion of invisibility {unknown}


   Skills:
 + Level 3.6 Fighting
 + Level 2.7 Dodging
 * Level 3.1 Stealth
 + Level 5.2 Unarmed Combat


You had 3 spell levels left.
You didn't know any spells.

Dungeon Overview and Level Annotations

Branches:
Dungeon (3/27)

Altars:


Innate Abilities, Weirdness & Mutations

You are resistant to torment.
You are immune to poison.
Your stone body is very resilient (AC +3).
You have very sharp teeth.
You have razor-sharp toenails.
You resist negative energy.
You are resistant to electric shocks.
You have a slow metabolism.
You can survive without breathing.
You are immune to petrification.


Message History

The orc priest mumbles some strange prayers to Beogh against you.
The orc misses you.
You closely miss the orc. You claw the orc.
You kill the orc!
It hits you. It hits you.
The orc priest invokes the aid of Beogh against you.
Something smites you! It hits you but does no damage.
The orc hits you with an orcish flail.
You climb upwards.
There is a stone staircase leading down here.
You hit the orc. You claw the orc, but do no damage. Your bite misses the orc.
The orc is moderately wounded.
It hits you but does no damage. The orc hits you with an orcish flail!
* * * LOW HITPOINT WARNING * * *
You hit the orc.
The orc is severely wounded.
You hear some strange, mumbled words.
The puff of flame hits you!
You die...

#####.....##.......#......######.
#%...........................
#.....##.......#......######.
#####.##.###.......#####.## #.
...##.##.# ###%##### #.# ##
...##.##.#####.#########.########
.................................
#####.##.#####.#######.........##
# #.##.# #.#@..............## #
#.##.# #.#o..............## #
#.##.# #.#...............##
#####.##.#####.#..............>##
...............................#.
###.#.########.................#.
# #.#.# ###................. #
#.%.# ####.#.##.#######.
###...#############.#.##.## #.


You could see an orc.

Vanquished Creatures
  An adder (D:2)
  A giant mite (D:3)
  An orc (D:3)
  A ball python (D:2)
  6 bats
  9 goblins
  5 hobgoblins
  10 jackals
  5 kobolds (D:2)
  A giant gecko (D:2)
  2 giant newts (D:1)
  5 rats
47 creatures vanquished.

Notes
Turn   | Place    | Note
--------------------------------------------------------------
     0 | D:1      | BorisCarlOrff, the Gargoyle Monk, began the quest for the Orb.
     0 | D:1      | Reached XP level 1. HP: 12/12 MP: 0/0
    93 | D:1      | Reached XP level 2. HP: 11/17 MP: 1/1
   576 | D:1      | Reached XP level 3. HP: 22/22 MP: 2/2
   697 | D:2      | Reached skill level 5 in Unarmed Combat
  1115 | D:2      | Reached XP level 4. HP: 24/27 MP: 3/3
  1208 | D:2      | Killed from afar by an orc wizard

Action                   |  1- 3 |  4- 6 || total
-------------------------+-------+-------++-------
Melee: Unarmed           |    96 |     7 ||   103
 Stab: Sleeping          |     1 |       ||     1
